 Seeded DCSS version 0.30.1-4-g462c640d31 (webtiles) character file.

Game seed: 6351066067085065685 (custom seed)

240588 Esekla the Sorcerer (level 18, -1/93 (110) HPs)
             Began as a Deep Elf Necromancer on Aug 22, 2023.
             Was the Champion of Vehumet.
             Slain by a war gargoyle
             ... wielding a +2 morningstar of draining
             ... led by a peacekeeper
              (5 damage)
             ... on level 2 of the Vaults on Aug 24, 2023.
             The game lasted 04:52:58 (35145 turns).

Esekla the Sorcerer (Deep Elf Necromancer)         Turns: 35145, Time: 04:52:58

HP:   -1/93 (110)   AC: 29    Str:  6    XL:     18   Next: 62%
MP:   47/47         EV: 14    Int: 35    God:    Vehumet [******]
Gold: 2453          SH:  0    Dex: 15    Spells: 2/64 levels left

rFire   + + .        a - +12 pair of quick blades "Gyre" and "Gimble" {protect}
rCold   + . .        (shield currently unavailable)
rNeg    + . .        X - +1 ring mail "Uronn" {rF+ Regen+ Int+3}
rPois   +            W - +2 helmet {Int+3}
rElec   +            m - +2 cloak {Stlth+}
rCorr   .            R - +2 pair of gloves "Seteklek" {rF+ rC+}
SInv    .            S - +0 pair of boots "Ruimoadute" {+Blink Str+3 Stlth+}
Will    +....        A - amulet of magic regeneration
Stlth   +++++        T - ring of Greed {rElec rPois rN+ AC+4 Str-2}
HPRegen 1.15/turn    q - ring of the Mage {Wiz Archmagi}
MPRegen 0.70/turn

%: wizardry (x1), archmagi
@: mighty, wereblooded, under a protective aura, studying Fighting, heavily
drained
A: no striking features
}: 2/15 runes: barnacled, gossamer
a: Renounce Religion, Evoke Blink


You were on level 2 of the Vaults.
You worshipped Vehumet.
Vehumet was exalted by your worship.
You visited 6 branches of the dungeon, and saw 30 of its levels.
You visited 1 bazaar.
You also visited: Trove and Bailey.

You collected 5861 gold pieces.
You spent 3408 gold pieces at shops.

Inventory:

Hand Weapons
 a - the +12 pair of quick blades "Gyre" and "Gimble" (weapon) {protect}
   (You found it in a treasure trove)
 c - a +6 scimitar of freezing
 f - a +4 scimitar of flaming
 r - a +4 trident of venom
 s - the +8 Vampire's Tooth {megavamp}
   (You bought it in a shop in a bazaar)
 w - a +2 long sword of holy wrath
 U - a +2 demon blade of electrocution
Missiles
 k - 29 boomerangs (quivered)
 v - 88 poisoned darts
 J - 6 curare-tipped darts
Armour
 m - a +2 cloak of stealth (worn)
 M - the +1 animal skin "Kougi" {rPois rF++ MP+9}
   (You found it on level 2 of the Shoals)

   rF:        It greatly protects you from fire.
   rPois:     It protects you from poison.
   MP:        It affects your magic capacity (+9).
 R - the +2 pair of gloves "Seteklek" (worn) {rF+ rC+}
   (You found it in a treasure trove)

   rF:        It protects you from fire.
   rC:        It protects you from cold.
 S - the +0 pair of boots "Ruimoadute" (worn) {+Blink Str+3 Stlth+}
   (You acquired it on level 2 of the Orcish Mines)

   Str:       It affects your strength (+3).
   +Blink:    It lets you blink.
   Stlth:     It makes you more stealthy.
 V - a +2 robe of cold resistance
 W - a +2 helmet of intelligence (worn)
 X - the +1 ring mail "Uronn" (worn) {rF+ Regen+ Int+3}
   (You found it on level 4 of the Shoals)

   Int:       It affects your intelligence (+3).
   rF:        It protects you from fire.
   Regen:     It increases your rate of health regeneration.
 Y - a scarf of repulsion
Jewellery
 q - the ring of the Mage (right hand) {Wiz Archmagi}
   (You bought it in a shop on level 2 of the Dungeon)

   [ring of wizardry]

   It improves your spell success rate.
   Archmagi:  It increases the power of your magical spells.
 A - an amulet of magic regeneration (around neck)
 I - the ring of Descent {rPois rC+ Int+5 Stlth-}
   (You found it in a treasure trove)

   [ring of protection from cold]

   Int:       It affects your intelligence (+5).
   rC:        It protects you from cold.
   rPois:     It protects you from poison.
   Stlth:     It makes you less stealthy.
 L - a ring of see invisible
 O - the ring "Pileq" {Ice Str+4 Dex+3 Slay+2}
   (You found it on level 4 of the Shoals)

   [ring of ice]

   It enhances your ice magic.
   Str:       It affects your strength (+4).
   Dex:       It affects your dexterity (+3).
   Slay:      It affects your accuracy & damage with ranged weapons and melee
   (+2).
   rF:        It makes you vulnerable to fire.
   rC:        It protects you from cold.
 P - the ring of Akemeir {Fire Str+4}
   (You found it in a treasure trove)

   [ring of fire]

   It enhances your fire magic.
   Str:       It affects your strength (+4).
   rF:        It protects you from fire.
   rC:        It makes you vulnerable to cold.
 T - the ring of Greed (left hand) {rElec rPois rN+ AC+4 Str-2}
   (You bought it in a shop on level 2 of the Dungeon)

   [ring of protection]

   AC:        It affects your AC (+4).
   Str:       It affects your strength (-2).
   rElec:     It insulates you from electricity.
   rPois:     It protects you from poison.
   rN:        It protects you from negative energy.
Wands
 d - a wand of quicksilver (16)
 i - a wand of roots (41)
 u - a wand of digging (9)
 C - a wand of flame (30)
 D - a wand of mindburst (2)
Scrolls
 e - 7 scrolls of fear
 p - 5 scrolls of fog
 x - 4 scrolls of enchant weapon
 y - 2 scrolls of silence
 z - 2 scrolls of magic mapping
 E - 3 scrolls of poison
 F - 13 scrolls of teleportation
 H - 4 scrolls of blinking
Potions
 b - 4 potions of magic
 g - 11 potions of haste
 h - a potion of mutation
 j - 4 potions of curing
 l - 7 potions of attraction
 n - 3 potions of cancellation
 o - 4 potions of brilliance
 t - 2 potions of heal wounds
 B - 5 potions of lignification
 G - 3 potions of resistance
 K - 7 potions of ambrosia
 N - 4 potions of flight
 Q - 2 potions of might
Miscellaneous
 Z - a lightning rod (4/4)


   Skills:
 * Level 11.6 Fighting
 + Level 6.1(6.3) Short Blades
 + Level 2.0(4.1) Long Blades
 + Level 2.1 Throwing
 * Level 5.5 Armour
 * Level 13.8 Dodging
 + Level 6.1 Stealth
 - Level 4.5 Shields
 * Level 23.8 Spellcasting
 + Level 6.6 Conjurations
 + Level 12.2 Necromancy
 + Level 4.4 Translocations
 + Level 6.6 Transmutations
 + Level 7.0 Fire Magic
 * Level 8.2 Ice Magic
 * Level 10.3 Air Magic
 * Level 9.4 Earth Magic
 - Level 5.3 Poison Magic
 * Level 7.4 Evocations


You had 2 spell levels left.
You knew the following spells:

 Your Spells              Type           Power      Damage    Failure   Level
b - Iskenderun's Mystic   Conj/Tloc      88%        2d17      1%          4
c - Mephitic Cloud        Conj/Pois/Air  96%        N/A       1%          3
d - Vampiric Draining     Necr           100%       2d13      1%          3
e - Searing Ray           Conj           100%       2d8       1%          2
f - Fireball              Conj/Fire      47%        3d19      1%          5
g - Ozocubu's Refrigerat  Ice            49%        4d18      7%          7
h - Vhi's Electric Charg  Tloc/Air       100%       N/A       1%          3
j - Conjure Ball Lightni  Conj/Air       50%        3x3d17    1%          6
k - Shock                 Conj/Air       100%       1d9       1%          1
l - Lee's Rapid Deconstr  Erth           52%        3d24*     1%          5
n - Ignite Poison         Fire/Tmut/Pois 92%        N/A       1%          3
t - Teleport Other        Tloc           83%        N/A       1%          3
v - Poisonous Vapours     Pois/Air       100%       N/A       1%          2
w - Wereblood             Tmut           93%        N/A       1%          2
x - Olgreb's Toxic Radia  Pois           87%        N/A       1%          4
y - Sticky Flame          Conj/Fire      94%        2d10      1%          4
z - Freezing Cloud        Conj/Ice/Air   50%        6-21      1%          5

Your spell library contained the following spells:

 Spells                   Type           Power      Damage    Failure   Level
 Necrotise                Necr           100%       1d9       0%          1
 Sublimation of Blood     Necr           100%       N/A       0%          2
 Foxfire                  Conj/Fire      100%       2x1d9     1%          1
 Kiss of Death            Conj/Necr      100%       2d13      1%          1
 Cigotuvi's Dreadful Rot  Necr/Pois/Air  100%       N/A       1%          2
 Lesser Beckoning         Tloc           100%       N/A       1%          2
 Gell's Gravitas          Tloc           83%        N/A       1%          3
 Hailstorm                Conj/Ice       96%        3d19      1%          3
 Inner Flame              Hex/Fire       79%        N/A       1%          3
 Portal Projectile        Hex/Tloc       100%       N/A       1%          3
 Spider Form              Tmut/Pois      90%        N/A       1%          3
 Swiftness                Air            100%       N/A       1%          3
 Airstrike                Air            53%        2d(8-24)  1%          4
 Anguish                  Hex/Necr       45%        N/A       1%          4
 Animate Dead             Necr           100%       N/A       1%          4
 Dispel Undead            Necr           100%       3d31      1%          4
 Manifold Assault         Tloc           83%        N/A       1%          4
 Passage of Golubria      Tloc           83%        N/A       1%          4
 Summon Ice Beast         Ice/Summ       82%        N/A       1%          4
 Agony                    Necr           100%       N/A       1%          5
 Arcjolt                  Conj/Air       50%        1d60      1%          5
 Yara's Violent Unravell  Hex/Tmut       39%        3d16      1%          5
 Death Channel            Necr           56%        N/A       1%          6
 Iron Shot                Conj/Erth      49%        9d9       1%          6
 Plasma Beam              Fire/Air       50%        2x1d71    1%          6
 Silence                  Hex/Air        43%        N/A       2%          5
 Starburst                Conj/Fire      47%        6d13      2%          6
 Cause Fear               Hex            29%        N/A       9%          4
 Dispersal                Tloc           41%        N/A       21%         6
 Maxwell's Capacitive Co  Air            53%        ∞         21%         8
 Summon Mana Viper        Hex/Summ       58%        N/A       22%         5
 Lehudib's Crystal Spear  Conj/Erth      49%        10d12     41%         8
 Ignition                 Fire           47%        3d13      54%         8
 Enfeeble                 Hex            29%        N/A       99%         7
 Summon Hydra             Summ           29%        N/A       99%         7
 Disjunction              Tloc           41%        N/A       100%        8


Dungeon Overview and Level Annotations

Branches:
Dungeon (13/15)            Temple (0/1) D:6            Lair (5/5) D:11
 Shoals (4/4) Lair:2       Spider (4/4) Lair:3        Slime (0/5) Lair:5
    Orc (2/2) D:10            Elf (0/3) Orc:2        Vaults (2/5) D:13
  Crypt (0/3) Vaults:2     Bailey (visited)

Altars:
Dithmenos
Fedhas
Hepliaklqana
Nemelex Xobeh
Okawaru
Qazlal
Ru
Trog
Uskayaw
Vehumet
Zin
The Shining One
Jiyva

Shops:
D:2 =   D:4 (   D:11 *   Orc:2 **[:   Shoals:2 (   Shoals:3 !   Vaults:1 [

Portals:
Pandemonium: Orc:2


Message History

You hit the war gargoyle but do no damage.
You hit the war gargoyle.
You hit the war gargoyle but do no damage. x2
The war gargoyle burns!
The war gargoyle barely misses you.
You hit the war gargoyle but do no damage. x2
You hit the war gargoyle but do no damage. x2
The war gargoyle burns!
The war gargoyle stops burning.
The war gargoyle hits you with a +2 morningstar of draining!!!
You partially resist.
You feel drained.
You hit the war gargoyle but do no damage. x2
You hit the war gargoyle but do no damage. x2
You hit the war gargoyle.
You hit the war gargoyle but do no damage.
The war gargoyle misses you.
You hit the war gargoyle but do no damage. x2
The war gargoyle launches metal splinters at you.
The spray of metal splinters hits you!
Casting: Sticky Flame (safe; 1% risk of failure)
Confirm with . or Enter, or press ? or * to list all spells.
You can't see any susceptible monsters within range! (Use Z to cast anyway.) Unknown command.
You feel very mighty all of a sudden.
The war gargoyle hits you with a +2 morningstar of draining!!
* * * LOW HITPOINT WARNING * * *
You partially resist.
You feel drained.
You feel much better.
The war gargoyle hits you with a +2 morningstar of draining!!
* * * LOW HITPOINT WARNING * * *
You partially resist.
You feel drained.
* * * LOW HITPOINT WARNING * * *
You feel much better. The war gargoyle misses you.
The war gargoyle hits you with a +2 morningstar of draining!!!
* * * LOW HITPOINT WARNING * * *
You partially resist.
You feel drained.
* * * LOW HITPOINT WARNING * * *
You feel much better.
The war gargoyle hits you with a +2 morningstar of draining!!
* * * LOW HITPOINT WARNING * * *
You partially resist.
You feel drained.
You die...

#..#....##.....#..#.....#
#...#..###.....#..#.....#
#...#..# ################
#..#...# #..#...# ###
#...#..#####....
#..#..#.........
#....#.........#
#......#@.##..#.
####..#9##..# .
#...........
#.....9......
############+


You could see a war gargoyle (strong).

Vanquished Creatures
  Mara (Spider:4)
  Rupert (Lair:4)
  3 sphinxes (Shoals:4)
  A kraken (Shoals:4)
  Ilsuiw (Shoals:3)
  9 emperor scorpions
  4 ghost moths
  A vault warden (Vaults:2)
  3 orc warlords
  2 ironbound thunderhulks (Vaults:1)
  5 ironbound preservers
  3 very ugly things (Vaults:1)
  A war gargoyle (Vaults:2)
  A broodmother (Spider:3)
  A vampire knight (Vaults:2)
  Azrael (Orc:2)
  2 dire elephants
  A minotaur (Shoals:4)
  2 spark wasps
  3 merfolk javelineers (Shoals:3)
  4 merfolk impalers
  4 fire dragons
  5 entropy weavers
  2 great orbs of eyes
  A yaktaur captain (Vaults:1)
  4 vault guards (D:13)
  A peacekeeper (Vaults:2)
  Harold (D:9)
  3 boulder beetles
  2 ironbound frosthearts
  A demonspawn (Orc:2)
  4 merfolk aquamancers
  3 hydras
  3 radroaches
  16 satyrs
  4 centaur warriors
  A catoblepas (Lair:5)
  3 jorogumos
  An alligator snapping turtle (Shoals:3)
  4 merfolk avatars
  4 two-headed ogres
  A vampire mage (Vaults:2)
  3 orc high priests (Orc:2)
  2 pharaoh ants
  A skeletal warrior (D:13)
  A sun moth (Spider:1)
  Lodul (D:11)
  12 sea snakes
  4 skysharks
  10 orb spiders
  Pikel (D:6)
  A swamp dragon (Lair:5)
  10 deep trolls (Vaults:1)
  5 ironbound convokers
  4 lindwurms
  2 deep elf pyromancers (D:13)
  3 steelbarb worms
  29 harpies
  An oklob plant (Lair:5)
  3 wizards (Vaults:2)
  10 ugly things
  8 wolf spiders
  24 fauns
  11 orc knights
  9 cyclopes
  9 orc sorcerers (Orc:2)
  9 elephants (Lair:5)
  3 moths of wrath
  Joseph (D:7)
  24 manticores
  6 merfolk sirens
  2 black mambas
  A black mamba (shapeshifter) (D:13)
  7 water nymphs
  7 torpor snails
  A smoke demon (Orc:2)
  6 vault sentinels
  A gargoyle (D:11)
  3 demonic crawlers
  11 cane toads
  Psyche (D:11)
  3 rime drakes
  An unseen horror (D:13)
  A freezing wraith (Vaults:2)
  16 komodo dragons
  3 kobold demonologists
  A tengu conjurer (D:13)
  6 yaktaurs (Vaults:1)
  28 merfolk
  A red devil (Orc:2)
  3 tyrant leeches (Lair:5)
  A polar bear (D:11)
  7 trolls
  9 tarantellas
  12 hornets
  3 wind drakes
  5 blink frogs (Lair:1)
  11 jumping spiders
  4 centaur simulacra (D:11)
  12 slime creatures
  8 snapping turtles
  33 yaks
  4 water elementals
  2 vampires
  7 culicivoras
  2 wraiths
  12 spriggans (Lair:3)
  5 basilisks
  A chaos spawn (Orc:2)
  3 fire elementals (Orc:2)
  3 steam dragons
  5 wyverns
  A vampire mosquito (D:13)
  29 redbacks
  Menkaure (D:7)
  3 wargs
  4 hell hounds (Orc:2)
  3 acid dragons
  6 ice beasts
  14 water moccasins
  2 swamp drakes (Lair:5)
  A sky beast (D:6)
  43 orc warriors
  2 black bears
  3 boggarts (Lair:3)
  18 ogres
  2 centaurs
  12 wolves
  A phantom (D:7)
  Blork the orc (D:6)
  6 kobold brigands
  4 gnoll sergeants
  An earth elemental (D:11)
  10 bullfrogs
  3 scorpions
  10 wights
  21 killer bees
  2 howler monkeys (D:10)
  An electric eel (D:11)
  2 quasits (D:8)
  3 gnoll boudas
  6 hounds
  A jelly (D:6)
  Crazy Yiuf (D:7)
  32 orc priests
  A sleepcap (D:5)
  7 iguanas
  12 hell rats
  14 orc wizards
  34 gnolls
  9 adders
  3 shadow imps (D:8)
  9 white imps
  4 ufetubi
  A worm (D:4)
  3 dart slugs
  95 orcs
  6 ball pythons
  4 endoplasms
  8 goblins
  7 hobgoblins
  A quokka (D:1)
  3 training dummies (Shoals:2)
  4 bats
  4 frilled lizards
  24 kobolds
  A rat (D:2)
1080 creatures vanquished.

Vanquished Creatures (others)
  4 tentacles (Shoals:4)
4 creatures vanquished.

Grand Total: 1084 creatures vanquished

Notes
Turn   | Place    | Note
-------+----------+-------------------------------------------
     0 | D:1      | Esekla the Deep Elf Necromancer began the quest for the
                  | Orb.
     0 | D:1      | Reached XP level 1. HP: 10/10 MP: 6/6
   353 | D:2      | Found Renulab's Jewellery Shop.
   353 | D:2      | You fall into a shaft and drop 2 floors!
   402 | D:4      | Found a glowing silver altar of Zin.
   417 | D:4      | Found an iron altar of Okawaru.
   428 | D:4      | Found a radiant altar of Vehumet.
   432 | D:4      | Became a worshipper of Vehumet
   500 | D:4      | Reached skill level 5 in Necromancy
   597 | D:3      | Reached XP level 2. HP: 15/15 MP: 8/8
  1042 | D:1      | Reached XP level 3. HP: 11/19 MP: 9/9
  1046 | D:1      | Learned a level 3 spell: Vampiric Draining
  1266 | D:1      | Reached * piety under Vehumet
  1266 | D:1      | Offered knowledge of Kiss of Death by Vehumet.
  1271 | D:1      | Learned a level 3 spell: Teleport Other
  1273 | D:1      | Learned a level 1 spell: Kiss of Death
  1345 | D:3      | Identified the +5 rapier of the Hero {heavy, rN+ Dex+3}
  1740 | D:3      | Found a stormy altar of Qazlal.
  1768 | D:3      | Found a hazy altar of Hepliaklqana.
  1770 | D:3      | Found a bloodstained altar of Trog.
  1786 | D:3      | Reached XP level 4. HP: 12/24 MP: 3/11
  2229 | D:2      | Reached skill level 1 in Short Blades
  2348 | D:2      | Found a faded altar of an unknown god.
  2362 | D:2      | Reached skill level 4 in Spellcasting
  2362 | D:2      | Reached XP level 5. HP: 28/28 MP: 11/13
  2383 | D:2      | Noticed a black bear
  2400 | D:2      | Killed a black bear
  2401 | D:2      | Reached skill level 1 in Translocations
  2834 | D:4      | Found Ponaysk's Antique Weapon Boutique.
  2949 | D:4      | Found a glowing golden altar of the Shining One.
  2993 | D:4      | Reached XP level 6. HP: 31/32 MP: 11/15
  3159 | D:4      | Reached skill level 5 in Spellcasting
  3317 | D:4      | Reached ** piety under Vehumet
  3317 | D:4      | Offered knowledge of Shock by Vehumet.
  3332 | D:4      | Learned a level 1 spell: Shock
  3665 | D:5      | Entered Level 5 of the Dungeon
  3674 | D:5      | Got the Parchment of the Lumpy Olives
  3690 | D:5      | Found a shadowy altar of Dithmenos.
  3763 | D:5      | Reached skill level 6 in Spellcasting
  3970 | D:5      | Reached XP level 7. HP: 32/36 MP: 10/18
  4505 | D:5      | Reached skill level 7 in Spellcasting
  4767 | D:6      | Reached XP level 8. HP: 38/41 MP: 13/21
  4782 | D:6      | Offered knowledge of Searing Ray by Vehumet.
  4789 | D:6      | Reached skill level 5 in Dodging
  4798 | D:6      | Found a blossoming altar of Fedhas.
  4820 | D:6      | Learned a level 2 spell: Searing Ray
  4935 | D:6      | Noticed Pikel
  5007 | D:7      | Reached skill level 1 in Throwing
  5007 | D:7      | Reached skill level 8 in Spellcasting
  5060 | D:7      | Reached skill level 1 in Conjurations
  5075 | D:7      | Noticed Menkaure
  5413 | D:7      | Reached *** piety under Vehumet
  5769 | D:7      | Killed Menkaure
  5946 | D:7      | Found a runed translucent door.
  5947 | D:7      | Noticed Crazy Yiuf
  5954 | D:7      | Killed Crazy Yiuf
  6036 | D:6      | Killed Pikel
  6037 | D:6      | Reached skill level 9 in Spellcasting
  6037 | D:6      | Reached XP level 9. HP: 10/45 MP: 13/24
  6063 | D:6      | Found a staircase to the Ecumenical Temple.
  6300 | D:6      | Noticed Blork the orc
  6308 | D:6      | Killed Blork the orc
  6874 | D:7      | Noticed Joseph
  7107 | D:7      | Reached skill level 10 in Spellcasting
  7321 | D:7      | Killed Joseph
  7321 | D:7      | Offered knowledge of Olgreb's Toxic Radiance by Vehumet.
  7322 | D:7      | Reached skill level 1 in Shields
  7328 | D:7      | Learned a level 4 spell: Olgreb's Toxic Radiance
  7445 | D:8      | Noticed a two-headed ogre
  7609 | D:8      | Reached **** piety under Vehumet
  7611 | D:8      | Reached skill level 11 in Spellcasting
  7671 | D:8      | Offered knowledge of Fulminant Prism by Vehumet.
  8046 | D:8      | Killed a two-headed ogre
  8047 | D:8      | Reached skill level 1 in Long Blades
  8047 | D:8      | Reached skill level 1 in Poison Magic
  8047 | D:8      | Reached XP level 10. HP: 48/50 MP: 25/27
  8061 | D:8      | Found a hide-covered altar of Uskayaw.
  8111 | D:8      | Found a transporter.
  8111 | D:8      | Found a transporter.
  8120 | D:8      | Found a transporter.
  8121 | D:8      | Found a transporter.
  8657 | D:9      | Found a flagged portal.
  8665 | Bailey   | Entered a bailey
  8838 | Bailey   | Identified the +2 bardiche of Puhoisos {heavy, rElec
                  | Stlth+}
  8889 | Bailey   | Reached ***** piety under Vehumet
  8926 | Bailey   | Offered knowledge of Freezing Cloud by Vehumet.
  8950 | Bailey   | Learned a level 5 spell: Freezing Cloud
  9004 | Bailey   | Noticed an orc knight
  9004 | Bailey   | Noticed an orc knight
  9026 | Bailey   | Killed an orc knight
  9027 | Bailey   | Reached skill level 12 in Spellcasting
  9052 | Bailey   | Killed an orc knight
  9053 | Bailey   | Reached skill level 1 in Ice Magic
  9053 | Bailey   | Reached skill level 1 in Air Magic
  9143 | D:9      | Noticed a two-headed ogre
  9149 | D:9      | Killed a two-headed ogre
  9150 | D:9      | Reached skill level 10 in Necromancy
  9295 | D:9      | Reached skill level 1 in Fighting
  9476 | D:9      | Found a sparkling altar of Nemelex Xobeh.
  9582 | D:9      | Noticed a cyclops
  9594 | D:9      | Killed a cyclops
  9726 | D:9      | Reached XP level 11. HP: 58/58 MP: 29/29
  9727 | D:9      | Reached skill level 13 in Spellcasting
  9963 | D:10     | Entered Level 10 of the Dungeon
  9977 | D:10     | Reached skill level 5 in Conjurations
 10111 | D:10     | Found a sacrificial altar of Ru.
 10304 | D:10     | Found a staircase to the Orcish Mines.
 11438 | D:11     | Reached skill level 14 in Spellcasting
 11445 | D:11     | Found a staircase to the Lair.
 11510 | D:11     | Found Fagafuf's Pet Rocks.
 11512 | D:11     | Noticed Lodul
 11546 | D:11     | Reached skill level 1 in Armour
 11621 | D:11     | HP: 3/61 [gargoyle/stone arrow (25)]
 11848 | Orc:1    | Entered Level 1 of the Orcish Mines
 11857 | Orc:1    | Noticed an orc knight
 12048 | D:2      | Bought the ring of the Mage {Wiz Archmagi} for 714 gold
                  | pieces
 12048 | D:2      | Found the ring of the Mage {Wiz Archmagi}
 12260 | Orc:1    | Killed an orc knight
 12480 | D:11     | Killed Lodul
 12481 | D:11     | Reached XP level 12. HP: 50/67 MP: 32/32
 12851 | D:11     | Got Simple Magic
 13027 | D:11     | Noticed Psyche
 13282 | D:12     | Learned a level 2 spell: Wereblood
 13494 | D:12     | Learned a level 5 spell: Fireball
 13699 | D:12     | Learned a level 3 spell: Mephitic Cloud
 13702 | D:12     | Learned a level 2 spell: Poisonous Vapours
 13719 | D:12     | Found a portal to a secret trove of treasure.
 13777 | Trove    | Entered a treasure trove
 13782 | Trove    | Found the +8 mithril axe "Arga" {speed, Will+}
 13782 | Trove    | Found the +12 pair of quick blades "Gyre" and "Gimble"
                  | {protect}
 13786 | Trove    | Identified the ring of Akemeir {Fire Str+4}
 13790 | Trove    | Identified the +2 pair of gloves "Seteklek" {rF+ rC+}
 13817 | Trove    | Identified the ring of Descent {rPois rC+ Int+5 Stlth-}
 13823 | Trove    | Identified the +3 ring mail "Poady" {+Inv rF+ Dex+2 Slay-4}
 14294 | D:11     | Noticed a two-headed ogre
 14301 | D:11     | Killed Psyche
 14305 | D:11     | Killed a two-headed ogre
 14306 | D:11     | Reached skill level 15 in Spellcasting
 14306 | D:11     | Reached skill level 1 in Fire Magic
 14386 | Lair:1   | Entered Level 1 of the Lair of Beasts
 14425 | Lair:1   | Reached skill level 5 in Stealth
 14551 | Lair:1   | Reached skill level 5 in Fighting
 14551 | Lair:1   | Reached skill level 1 in Transmutations
 14786 | Lair:1   | You fall into a shaft and drop 1 floor!
 15554 | Lair:2   | Reached skill level 5 in Poison Magic
 15672 | Lair:2   | Found a staircase to the Shoals.
 15814 | Lair:2   | Found a transporter.
 15816 | Lair:2   | Found a transporter.
 15817 | Lair:2   | Noticed a boulder beetle
 15817 | Lair:2   | Noticed a boulder beetle
 15831 | Lair:2   | Killed a boulder beetle
 15836 | Lair:2   | Killed a boulder beetle
 15920 | Lair:2   | Reached XP level 13. HP: 73/73 MP: 26/34
 16417 | Lair:3   | Found a hole to the Spider Nest.
 16811 | Lair:3   | Identified the +3 leather armour of Okawaru's Inspiration
                  | {Str+4}
 16925 | Lair:3   | Reached skill level 5 in Ice Magic
 17300 | Lair:3   | Reached skill level 5 in Air Magic
 17737 | Lair:4   | Reached skill level 16 in Spellcasting
 17942 | Lair:4   | Learned a level 3 spell: Ignite Poison
 17947 | Lair:4   | Learned a level 4 spell: Sticky Flame
 18029 | Lair:4   | Reached skill level 10 in Dodging
 18317 | Lair:4   | Noticed Rupert
 18330 | Lair:4   | Killed Rupert
 18331 | Lair:4   | Reached skill level 1 in Earth Magic
 18496 | Spider:1 | Entered Level 1 of the Spider Nest
 18536 | Spider:1 | Identified the +1 pair of boots of Piysunuo {Str+3}
 18638 | Lair:5   | Entered Level 5 of the Lair of Beasts
 18861 | Lair:5   | Reached XP level 14. HP: 80/80 MP: 20/36
 19170 | Lair:5   | Found a viscous altar of Jiyva.
 19170 | Lair:5   | Found a staircase to the Slime Pits.
 19349 | Lair:5   | Found a runed translucent door.
 19453 | Lair:5   | Reached skill level 17 in Spellcasting
 20098 | Lair:5   | Got Utragud's Papyrus of the Inquisitive Olives
 20371 | Lair:5   | Learned a level 3 spell: Vhi's Electric Charge
 20656 | D:2      | Bought the ring of Greed {rElec rPois rN+ AC+4 Str-2} for
                  | 758 gold pieces
 20868 | D:9      | Noticed Harold
 20877 | D:9      | Killed Harold
 21343 | Spider:1 | Reached skill level 5 in Fire Magic
 21728 | Orc:2    | Entered Level 2 of the Orcish Mines
 22073 | Orc:1    | Reached skill level 18 in Spellcasting
 22090 | Orc:1    | Noticed an orc warlord
 22095 | Orc:1    | Killed an orc warlord
 22338 | Orc:2    | Found Roezostra's General Store.
 22339 | Orc:2    | Reached skill level 5 in Short Blades
 22339 | Orc:2    | Found Bamnuus's General Store.
 22420 | Orc:2    | Noticed an orc warlord
 22425 | Orc:2    | Reached XP level 15. HP: 88/88 MP: 28/39
 22564 | Orc:2    | Found a staircase to the Elven Halls.
 22705 | Orc:2    | Reached ****** piety under Vehumet
 22719 | Orc:2    | Noticed Azrael
 22724 | Orc:2    | Killed Azrael
 22842 | Orc:2    | Found Huzal's Antique Armour Boutique.
 22842 | Orc:2    | Found Jyohez's Book Shop.
 22843 | Orc:2    | Found a one-way gate leading to the halls of Pandemonium.
 22851 | Orc:2    | Bought a runed helmet for 270 gold pieces
 22862 | Orc:2    | Acquired 589 gold pieces
 22869 | Orc:2    | Acquired the +0 pair of boots "Ruimoadute" {+Blink Str+3
                  | Stlth+}
 22875 | Orc:2    | Acquired 538 gold pieces
 23141 | D:2      | Bought a ring of see invisible for 210 gold pieces
 23481 | Spider:2 | Reached skill level 1 in Evocations
 23504 | Spider:1 | Offered knowledge of Iskenderun's Mystic Blast by Vehumet.
 23511 | Spider:1 | Learned a level 4 spell: Iskenderun's Mystic Blast
 23538 | Spider:2 | Reached skill level 5 in Transmutations
 23541 | Spider:2 | Reached skill level 19 in Spellcasting
 24084 | Spider:3 | Noticed an emperor scorpion
 24255 | Spider:3 | Reached skill level 5 in Earth Magic
 24427 | Spider:3 | Noticed an emperor scorpion
 24439 | Spider:3 | Killed an emperor scorpion
 24991 | Spider:3 | Killed an emperor scorpion
 25298 | Spider:4 | Entered Level 4 of the Spider Nest
 25298 | Spider:4 | Noticed Mara
 25317 | Spider:4 | Noticed Esekla's illusion
 25320 | Spider:4 | Killed Mara
 25368 | Spider:4 | Noticed an emperor scorpion
 25404 | Spider:4 | Killed an emperor scorpion
 25772 | Spider:4 | Noticed an emperor scorpion
 25785 | Spider:4 | Killed an emperor scorpion
 25786 | Spider:4 | Reached XP level 16. HP: 91/96 MP: 31/41
 25894 | Spider:4 | Offered knowledge of Lee's Rapid Deconstruction by Vehumet.
 25901 | Spider:4 | Learned a level 5 spell: Lee's Rapid Deconstruction
 25977 | Spider:4 | Reached skill level 20 in Spellcasting
 26955 | Spider:4 | Got a gossamer rune of Zot
 27273 | Shoals:1 | Entered Level 1 of the Shoals
 27854 | Shoals:1 | Reached skill level 21 in Spellcasting
 28140 | Shoals:2 | Offered knowledge of Conjure Ball Lightning by Vehumet.
 28160 | Shoals:1 | Learned a level 6 spell: Conjure Ball Lightning
 28228 | Shoals:2 | Found Biskeott's Firing Range.
 28265 | Shoals:2 | Reached skill level 10 in Fighting
 28472 | Shoals:2 | Reached skill level 5 in Evocations
 29013 | Shoals:3 | Found Zemonaik's Distillery.
 29318 | Orc:2    | Bought a scroll of identify for 34 gold pieces
 29567 | Shoals:3 | Reached XP level 17. HP: 93/102 MP: 42/44
 29598 | Shoals:3 | Noticed Ilsuiw
 29612 | Shoals:3 | Killed Ilsuiw
 30197 | Shoals:2 | Identified the +1 animal skin "Kougi" {rPois rF++ MP+9}
 30234 | Shoals:4 | Entered Level 4 of the Shoals
 30240 | Shoals:4 | Reached skill level 22 in Spellcasting
 30425 | Shoals:4 | Identified the +1 ring mail "Uronn" {rF+ Regen+ Int+3}
 30451 | Shoals:4 | Offered knowledge of Iron Shot by Vehumet.
 30662 | Shoals:4 | Got Cuuv Rytt's Atlas of Hot Beguiling
 30670 | Shoals:4 | Got a barnacled rune of Zot
 30686 | Shoals:4 | Noticed a kraken
 30691 | Shoals:4 | Killed a kraken
 30811 | Shoals:4 | Identified the ring "Pileq" {Ice Str+4 Dex+3 Slay+2}
 30912 | Shoals:4 | Learned a level 6 spell: Iron Shot
 31040 | Shoals:3 | Noticed a kraken
 32288 | D:13     | Reached skill level 5 in Armour
 32703 | D:13     | Found a gate to the Vaults.
 32707 | D:13     | Reached XP level 18. HP: 106/110 MP: 35/46
 32710 | D:13     | Reached skill level 23 in Spellcasting
 32716 | D:13     | Reached skill level 10 in Air Magic
 32875 | Vaults:1 | Entered Level 1 of the Vaults
 33038 | Vaults:1 | Identified the +9 arbalest of Xom's Indignation {penet,
                  | Dex+4 Stlth+}
 33052 | Vaults:1 | Offered knowledge of Ozocubu's Refrigeration by Vehumet.
 33065 | Vaults:1 | Learned a level 7 spell: Ozocubu's Refrigeration
 33234 | Vaults:1 | Found Emogyl Osee's Armour Boutique.
 34315 | Vaults:2 | Found a staircase to the Crypt.
 34387 | Vaults:2 | Found a flickering gateway to a bazaar.
 34411 | Bazaar   | Entered a bazaar
 34429 | Bazaar   | Found Huts's Armour Emporium.
 34429 | Bazaar   | Found Fuoqy's Distillery.
 34452 | Bazaar   | Found Luehida's Magic Scroll Shoppe.
 34474 | Bazaar   | Found Subykus's Antique Weapon Emporium.
 34474 | Bazaar   | Found Zefiutze's Weapon Shoppe.
 34495 | Bazaar   | Found Gopir's Armour Shoppe.
 34551 | Bazaar   | Bought the +8 Vampire's Tooth {megavamp} for 540 gold
                  | pieces
 34551 | Bazaar   | Found the +8 Vampire's Tooth {megavamp}
 34577 | Bazaar   | Bought a potion of curing for 21 gold pieces
 34577 | Bazaar   | Bought a potion of mutation for 56 gold pieces
 34583 | Bazaar   | Bought a +1 cloak of stealth for 181 gold pieces
 34607 | Bazaar   | Bought a scroll of blinking for 82 gold pieces
 34621 | Bazaar   | Bought a glowing long sword for 175 gold pieces
 34635 | Bazaar   | Bought the +0 mask of the Dragon {Will+ Slay+3 SInv} for
                  | 367 gold pieces
 34635 | Bazaar   | Found the +0 mask of the Dragon {Will+ Slay+3 SInv}
 35145 | Vaults:2 | HP: 4/97 [war gargoyle/+2 morningstar of draining[a
                  | peacekeeper] (31)]
 35145 | Vaults:2 | Slain by a war gargoyle

Illustrated notes

Levels and vault maps discovered:
D:1:      sevenhm_arrival_forest_fort_small_3, layout_rooms,
          chequers_serial_rivers_room_b, minmay_misc_feat_five
D:2:      layout_loops_ring, dreamdust_ecumenical_altar_angels_and_demons,
          serial_shops, shop
D:3:      layout_basic, grunt_temple_overflow_open, minmay_misc_feat_iff
D:4:      layout_basic, nicolae_overflow_quartered_altars, serial_shops,
          nicolae_diamond_shop
D:5:      layout_loops_ring, lemuel_doored_altar, minmay_misc_feat_rows,
          dreamdust_wishing_well
D:6:      layout_loops_cross, fedhas_altar_fruit_tree,
          minmay_temple_entry_glass, uniq_pikel, uniq_blork_the_orc
D:7:      layout_basic, uniq_menkaure, uniq_joseph, uniq_crazy_yiuf_cottage
D:8:      layout_basic, nicolae_uskayaw_dance_hall, serial_demonic,
          serial_demonic_d, serial_demonic_a, serial_demonic_c,
          serial_demonic_c, nicolae_diode_quadrants
D:9:      layout_irregular_city, kennysheep_little_box, enter_bailey_4,
          minmay_between, uniq_harold
D:10:     layout_basic, nicolae_ru_awakened_eye
D:11:     layout_rooms, hellmonk_lair_entry_icy, serial_ice, serial_ice_j,
          serial_ice_m, serial_ice_o, serial_ice_c, serial_ice_g, serial_ice_f,
          guppyfry_shop_earth, uniq_psyche, uniq_lodul
D:12:     layout_roguey, nicolae_trove_entry_crossroad
D:13:     layout_loops_ring, lightli_vaults_fourway_checkpoint
Lair:1:   layout_small_grid
Lair:2:   gammafunk_boulding_lane, layout_small_grid, elwin_shoals_entry_rooms
Lair:3:   kb_forest_paths, layout_chaotic_city, spider_nest_entry_rubble
Lair:4:   layout_hall_layers, grunt_megastairs_3, lemuel_fruit_fields,
          uniq_rupert
Lair:5:   guppyfry_lair_end_dragon, layout_misc_corridors, wormcave,
          dpeg_slime_entry_enclosed
Shoals:1: layout_shoals, nicolae_shoals_nautilus_by_nature
Shoals:2: argonaut_golden_fleece, layout_shoals, nicolae_shop_firing_range
Shoals:3: layout_shoals, serial_shops, shop, nicolae_shoals_lost_giant_hut,
          uniq_ilsuiw
Shoals:4: shoals_end_hellmonk_lost_city, serial_shops
Spider:1: layout_spider_delve, nicolae_spider_some_kinda_spiderbox
Spider:2: layout_spider_delve, nicolae_spider_twisty_arc_passages
Spider:3: layout_chambers, nicolae_orb_stairs
Spider:4: grunt_spider_rune_circles, guppyfry_hornet_nest, uniq_mara
Orc:1:    layout_caves
Orc:2:    pf_orc_diabolical, layout_diamond_mine, uniq_azrael
Vaults:1: vaults_dpeg_emergency_exit, nicolae_vaults_ellipses_ellipsis,
          nicolae_vaults_variable_pillar_hall, v_misc_22, v_misc_33,
          nicolae_vaults_closet_pinwheel_3, v_alt_pattern_4, v_alt_pattern_4,
          nicolae_vaults_tetromino_Z_2, nicolae_vaults_taking_the_gang_shopping,
          nicolae_vaults_spaceships, v_misc_33, nicolae_vaults_shelves_hall,
          nicolae_vaults_trapezoid_lopsided_1, nicolae_vaults_little_ls,
          layout_vaults_ring
Vaults:2: ontoclasm_vaults_bender, nicolae_vaults_storage_closets_1, v_misc_9,
          vaults_room_pools, nicolae_vaults_more_shelving_2, v_misc_14,
          vaults_standard_mumra_lines, hangedman_vaults_stream,
          nicolae_vaults_windows_and_doors_thing,
          minmay_crypt_entry_simple_corners, nicolae_vaults_stand_back,
          vaults_dpeg_diagonal, nicolae_vaults_little_squares_5,
          layout_vaults_omnibox, serial_shops, bzr_entry_gold

Skill      XL: |  1  2  3  4  5  6  7  8  9 10 11 12 13 14 15 16 17 18 |
---------------+-------------------------------------------------------+-----
Necromancy     | 5 6 7 9 10 11 12 | 12.2
Dodging        | 3 4 5 6 7 8 9 10 11 12 13 | 13.8
Short Blades   | 1 2 3 4 5 6 |  6.1
Spellcasting   | 4 6 7 9 11 12 14 15 16 18 19 21 22 23 | 23.8
Translocations | 1 2 4 |  4.4
Stealth        | 3 4 5 6 |  6.1
Throwing       | 1 2 |  2.1
Conjurations   | 2 3 4 5 6 |  6.6
Shields        | 1 2 3 4 |  4.5
Long Blades    | 1 2 |  2.0
Poison Magic   | 1 3 4 5 |  5.3
Ice Magic      | 2 3 4 6 7 8 |  8.2
Air Magic      | 1 3 4 5 7 8 9 10 | 10.3
Fighting       | 2 4 5 6 8 9 10 11 | 11.6
Armour         | 2 3 4 5 |  5.5
Fire Magic     | 2 4 5 6 7 |  7.0
Transmutations | 2 3 4 5 6 |  6.6
Earth Magic    | 1 4 5 7 8 9 |  9.4
Evocations     | 3 5 6 7 |  7.4

Action                     |  1- 3 |  4- 6 |  7- 9 | 10-12 | 13-15 | 16-18 || total
---------------------------+-------+-------+-------+-------+-------+-------++-------
  Melee: Short sword       |    25 |       |       |       |       |       ||    25
         Unarmed           |     9 |       |       |       |       |       ||     9
         Dagger            |    94 |   116 |   121 |       |       |       ||   331
         Punch             |       |       |     4 |       |       |       ||     4
         Rapier            |       |       |     9 |     8 |       |       ||    17
         Scimitar          |       |       |    20 |   104 |       |       ||   124
         Pair of quick bla |       |       |       |    95 |   319 |   427 ||   841
  Throw: Dart              |       |    15 |    29 |    18 |       |       ||    62
         Boomerang         |       |       |       |     5 |     2 |     3 ||    10
   Cast: Vampiric Draining |     9 |    38 |    61 |    70 |    26 |    77 ||   281
         Searing Ray       |       |       |    25 |    47 |    20 |     4 ||    96
         Teleport Other    |       |       |     6 |     1 |       |       ||     7
         Olgreb's Toxic Ra |       |       |    13 |    73 |    52 |    51 ||   189
         Freezing Cloud    |       |       |       |    11 |    47 |    29 ||    87
         Mephitic Cloud    |       |       |       |     7 |    10 |    12 ||    29
         Poisonous Vapours |       |       |       |     4 |   173 |   160 ||   337
         Wereblood         |       |       |       |     4 |    27 |    29 ||    60
         Fireball          |       |       |       |     1 |     2 |       ||     3
         Ignite Poison     |       |       |       |       |   120 |   135 ||   255
         Sticky Flame      |       |       |       |       |    19 |    36 ||    55
         Lee's Rapid Decon |       |       |       |       |       |     3 ||     3
         Vhi's Electric Ch |       |       |       |       |       |     3 ||     3
         Iskenderun's Myst |       |       |       |       |       |     1 ||     1
         Ozocubu's Refrige |       |       |       |       |       |     3 ||     3
Ability: Evoke Blink       |       |       |       |       |     2 |       ||     2
  Evoke: Wand              |       |       |    11 |     4 |       |       ||    15
    Use: Scroll            |       |       |    10 |     9 |     8 |     8 ||    35
         Potion            |       |       |     1 |     5 |       |    13 ||    19
   Stab: Sleeping          |       |     2 |     8 |     3 |     2 |    12 ||    27
         Distracted        |       |       |       |     1 |     2 |     2 ||     5
         Confused          |       |       |       |     1 |     5 |     9 ||    15
 Armour: Robe              |    26 |    18 |    34 |    48 |       |       ||   126
         Troll leather arm |       |       |       |    25 |   137 |   278 ||   440
         Ring mail         |       |       |       |       |       |   113 ||   113
  Dodge: Dodged            |    71 |    66 |   148 |   226 |   224 |   612 ||  1347
         Repelled          |       |       |       |       |       |     4 ||     4
  Block: Buckler           |       |       |       |    62 |       |       ||    62
